 Dungeon Crawl Stone Soup version 0.31.0 (webtiles) character file.

Game seed: 7527609536119641027

1694 qw the Skirmisher (level 9, 0/55 HPs)
             Began as a Gargoyle Hunter on Jan 19, 2024.
             Slain by Edmund
             ... wielding a +2 flail of draining
              (4 damage)
             ... on level 6 of the Dungeon.
             The game lasted 00:00:26 (4863 turns).

qw the Skirmisher (Gargoyle Hunter)                 Turns: 4863, Time: 00:00:26

Health: 0/55       AC: 19    Str: 15    XL:     9   Next: 2%
Magic:  9/9        EV: 12    Int: 10    God:
Gold:   431        SH:  0    Dex: 17    Spells: 8/8 levels left

rFire   . . .        a - +0 shortbow
rCold   . . .        (shield currently unavailable)
rNeg    + . .        i - +1 leather armour {Will+}
rPois   inf          e - +1 helmet
rElec   +            (no cloak)
rCorr   .            g - +2 pair of gloves
SInv    .            h - +2 pair of boots
Will    +....        (no amulet)
Stlth   ++           (no ring)
HPRegen 0.29/turn    (no ring)
MPRegen 0.11/turn

%: no passive effects
@: no status effects
A: sickness immunity, AC +6, negative energy resistance 1, electricity
resistance, torment resistance 1, petrification resistance
a: no special abilities


You were on level 6 of the Dungeon.
You visited 1 branch of the dungeon, and saw 6 of its levels.
You also visited: Ossuary.

You collected 595 gold pieces.
You spent 164 gold pieces at shops.


Innate Abilities, Weirdness & Mutations

You are immune to sickness and miasma.
Your stone body is resilient. (AC +6)
You are immune to poison.
You resist negative energy. (rN+)
You are resistant to electric shocks. (rElec)
You are resistant to unholy torment.
You are immune to petrification.


   Skills:
 - Level 6.0 Fighting
 - Level 10.1 Ranged Weapons
 - Level 2.6 Armour
 + Level 2.3 Dodging
 - Level 1.1 Stealth


You had 8 spell levels left.
You didn't know any spells.
Your spell library was empty.

Inventory:

Hand Weapons
 a - a +0 shortbow (weapon)
Armour
 e - a +1 helmet (worn)
 g - a +2 pair of gloves (worn)
 h - a +2 pair of boots (worn)
 i - a +1 leather armour of willpower (worn)
Wands
 b - a wand of polymorph (12)
 f - a wand of paralysis (15)
 j - a wand of roots (7)
Potions
 c - a potion of enlightenment
 d - 2 potions of might

Dungeon Overview and Level Annotations

Branches:
Dungeon (6/15)            Ossuary (visited)
 Temple: D:4-7

Altars:

Shops:
D:3 ?[?(

Annotations:
D:6 Edmund


Message History

The arrow hits Edmund but does no damage.
Edmund is heavily wounded.
Edmund closely misses you.
You shoot an arrow. The arrow hits Edmund.
Edmund is severely wounded.
Edmund closely misses you.
You shoot an arrow.
The arrow hits Edmund but does no damage.
Edmund is severely wounded.
Edmund barely misses you.
You shoot an arrow.
The arrow hits Edmund but does no damage.
Edmund is severely wounded.
Edmund hits you but does no damage.
You shoot an arrow.
The arrow hits Edmund but does no damage.
Edmund is severely wounded.
Edmund hits you with a +2 flail of draining.
You shoot an arrow. The arrow hits Edmund!
Edmund is almost dead.
Edmund hits you but does no damage.
You shoot an arrow. The arrow hits Edmund.
Edmund is almost dead.
Edmund hits you with a +2 flail of draining!
You shoot an arrow. The arrow closely misses Edmund.
Edmund says, "What use are spells, anyway?"
Edmund hits you with a +2 flail of draining!
You shoot an arrow. The arrow completely misses Edmund.
Edmund asks, "Have you met my wondrous brother?"
Edmund hits you but does no damage.
You shoot an arrow.
The arrow hits Edmund but does no damage.
Edmund is almost dead.
Edmund hits you but does no damage.
You shoot an arrow.
The arrow hits Edmund but does no damage.
Edmund is almost dead.
Edmund hits you with a +2 flail of draining.
You die...
Edmund whines, "They better pay attention to me now!"

.... .... #..#
#.# #..# #.#
#..# #.# #..#
#.####@.#
#.....@.#
#......##
#.#..### #....#
##...# #...#
#...#####.
#.........
#..............


You could see Edmund.

Vanquished Creatures
  Pikel (D:5)
  2 ice beasts
  2 black bears
  A phantom (D:5)
  3 lemures
  A weeping skull (Ossuary)
  2 scorpions
  A burial acolyte (Ossuary)
  A bombardier beetle (D:3)
  A hound (D:5)
  2 human zombies (Ossuary)
  A jelly (D:5)
  An orc priest (D:3)
  A sleepcap (D:6)
  3 iguanas
  Terence (D:3)
  An orc wizard (D:3)
  3 mummies
  5 adders
  7 gnolls (D:2)
  A shadow imp (D:5)
  An adder zombie (Ossuary)
  A ribbon worm (D:2)
  2 dart slugs (D:2)
  4 orcs (D:3)
  8 endoplasms
  4 giant cockroaches
  5 goblins
  8 hobgoblins
  8 jackals
  4 kobolds
  5 quokkas
  8 ball pythons
  2 bats (D:1)
  4 frilled lizards
  2 kobold zombies (Ossuary)
  6 rats
113 creatures vanquished.

Notes
Turn   | Place    | Note
-------+----------+-------------------------------------------
     0 | D:1      | qw the Gargoyle Hunter began the quest for the Orb.
     0 | D:1      | Reached XP level 1. HP: 12/12 MP: 1/1
     0 | D:1      | 0 ||| qw: Version: 0.3-a-132-g3d54051
     0 | D:1      | 0 ||| qw: Game counter: 132
     0 | D:1      | 0 ||| qw: Melee chars always use a shield: true
     0 | D:1      | 0 ||| qw: God list: Okawaru
     0 | D:1      | 0 ||| qw: Allow faded altars: false
     0 | D:1      | 0 ||| qw: Do Orc after clearing Dungeon:15 true
     0 | D:1      | 0 ||| qw: Do second Lair branch before Depths: true
     0 | D:1      | 0 ||| qw: Lair rune preference: random
     0 | D:1      | 0 ||| qw: Goals: Normal
     0 | D:1      | 0 ||| PLANNING D:1-11
   213 | D:1      | Reached XP level 2. HP: 17/17 MP: 2/2
  1074 | D:1      | Reached XP level 3. HP: 21/21 MP: 3/3
  1112 | D:1      | 1112 ||| UPGRADING to +2 pair of gloves.
  1117 | D:1      | 1117 ||| UPGRADING to +2 pair of boots.
  1122 | D:1      | 1122 ||| READING scroll labelled PIESONO SAPOZI.
  1122 | D:1      | 1122 ||| IDENTIFYING ruby potion
  1123 | D:1      | 1123 ||| READING scroll labelled AFROEKUULU.
  1128 | D:1      | 1128 ||| DROPPING scroll of butterflies.
  1211 | D:2      | 1211 ||| RETREEEEATING.
  1213 | D:2      | 1213 ||| RETREEEEATING.
  1216 | D:2      | 1216 ||| RETREEEEATING.
  1218 | D:2      | Reached skill level 5 in Ranged Weapons
  1241 | D:2      | Reached skill level 3 in Fighting
  1241 | D:2      | Reached XP level 4. HP: 9/28 MP: 4/4
  1247 | D:2      | 1247 ||| FLEEEEING.
  1362 | D:2      | Reached skill level 1 in Armour
  1495 | D:2      | Found a faded altar of an unknown god.
  1585 | D:2      | Reached XP level 5. HP: 13/32 MP: 5/5
  1592 | D:2      | HP: 8/32 [hobgoblin (4)]
  1595 | D:2      | 1595 ||| FLEEEEING.
  1768 | D:2      | 1768 ||| READING scroll of identify.
  1768 | D:2      | 1768 ||| IDENTIFYING red potion
  1769 | D:2      | 1769 ||| READING scroll labelled OFYITHROGUA.
  1770 | D:2      | 1770 ||| READING scroll labelled KOSTRI XOCVY.
  1771 | D:2      | 1771 ||| DROPPING potion of magic.
  1831 | D:3      | Found Diumnimm's Antique Armour Shoppe.
  1849 | D:3      | 1849 ||| BUYING ring mail (116 gold).
  1849 | D:3      | Bought a ring mail for 116 gold pieces
  1906 | D:3      | 1906 ||| DRINKING 3 potions of curing.
  1906 | D:3      | 1906 ||| (to cure confusion)
  1909 | D:3      | 1909 ||| DRINKING 2 potions of curing.
  1909 | D:3      | 1909 ||| (to cure confusion)
  1919 | D:3      | HP: 1/32 [orc priest/divine providence (12)]
  1920 | D:3      | 1920 ||| READING scroll of teleportation.
  1924 | D:3      | Reached skill level 6 in Ranged Weapons
  2005 | D:3      | 2005 ||| DRINKING potion of curing.
  2005 | D:3      | 2005 ||| (to cure confusion)
  2107 | D:3      | Found Joja's Magic Scroll Boutique.
  2115 | D:3      | 2115 ||| BUYING scroll of identify (22 gold).
  2115 | D:3      | Bought a scroll of identify for 22 gold pieces
  2115 | D:3      | 2115 ||| SHOPLISTING scroll of identify (22 gold, have 19).
  2115 | D:3      | 2115 ||| SHOPLISTING scroll of teleportation (33 gold, have
                  | 19).
  2139 | D:3      | Found Punur's Weapon Boutique.
  2153 | D:3      | 2153 ||| SHOPLISTING +6 arbalest "Damnation" {damnation}
                  | (1120 gold, have 33).
  2161 | D:3      | Reached XP level 6. HP: 36/38 MP: 6/6
  2162 | D:3      | 2162 ||| FLEEEEING.
  2443 | D:3      | Noticed Terence
  2457 | D:3      | Killed Terence
  2458 | D:3      | 2458 ||| FLEEEEING.
  2650 | D:3      | Found Huefo's Magic Scroll Boutique.
  2653 | D:3      | 2653 ||| SHOPLISTING scroll of enchant weapon (97 gold,
                  | have 55).
  2653 | D:3      | 2653 ||| BUYING scroll of identify (26 gold).
  2653 | D:3      | Bought a scroll of identify for 26 gold pieces
  2653 | D:3      | 2653 ||| SHOPLISTING scroll of teleportation (39 gold, have
                  | 29).
  2653 | D:3      | 2653 ||| UPGRADING to +0 ring mail.
  2663 | D:3      | 2663 ||| DROPPING +0 leather armour.
  2664 | D:3      | 2664 ||| READING 2 scrolls of identify.
  2664 | D:3      | 2664 ||| IDENTIFYING fizzy green potion
  2665 | D:3      | 2665 ||| READING scroll of identify.
  2665 | D:3      | 2665 ||| IDENTIFYING bubbling pink potion
  2666 | D:3      | 2666 ||| READING scroll labelled DASSOE KONN.
  2693 | D:4      | 2693 ||| PLANNING OSSUARY
  2693 | D:4      | Identified the +1 falchion of the Ring {holy, rC+ Int+4}
  2710 | D:4      | Noticed a black bear
  2717 | D:4      | 2717 ||| RETREEEEATING.
  2718 | D:4      | 2718 ||| RETREEEEATING.
  2719 | D:4      | 2719 ||| RETREEEEATING.
  2720 | D:4      | 2720 ||| RETREEEEATING.
  2721 | D:4      | 2721 ||| RETREEEEATING.
  2723 | D:4      | Killed a black bear
  2727 | D:4      | 2727 ||| FLEEEEING.
  2732 | D:4      | 2732 ||| STAIRDANCE
  2736 | D:3      | 2736 ||| STAIRDANCE
  2961 | D:4      | Reached skill level 7 in Ranged Weapons
  3067 | D:4      | Found a sand-covered staircase.
  3071 | D:4      | 3071 ||| READING scroll labelled IMNYDWE WOETHRA.
  3074 | D:4      | Reached XP level 7. HP: 43/43 MP: 7/7
  3080 | Ossuary  | Entered an ossuary
  3080 | Ossuary  | Found a huge runed translucent gate.
  3080 | Ossuary  | Found a huge runed translucent gate.
  3080 | Ossuary  | Found a huge runed translucent gate.
  3080 | Ossuary  | Found a huge runed translucent gate.
  3080 | Ossuary  | Found a huge runed translucent gate.
  3080 | Ossuary  | Found a huge runed translucent gate.
  3080 | Ossuary  | Found a huge runed translucent gate.
  3080 | Ossuary  | Found a huge runed translucent gate.
  3080 | Ossuary  | Found a huge runed translucent gate.
  3081 | Ossuary  | Found a huge runed translucent gate.
  3081 | Ossuary  | Found a huge runed translucent gate.
  3082 | Ossuary  | Found a huge runed translucent gate.
  3082 | Ossuary  | Found a huge runed translucent gate.
  3084 | Ossuary  | Found a huge runed translucent gate.
  3084 | Ossuary  | Found a huge runed translucent gate.
  3094 | Ossuary  | HP: 10/43 [mummy (18)]
  3095 | Ossuary  | 3095 ||| READING scroll of teleportation.
  3096 | Ossuary  | 3096 ||| DRINKING potion of heal wounds.
  3097 | Ossuary  | Found a huge runed translucent gate.
  3097 | Ossuary  | Found a huge runed translucent gate.
  3097 | Ossuary  | Found a huge runed translucent gate.
  3097 | Ossuary  | Found a huge runed translucent gate.
  3097 | Ossuary  | Found a huge runed translucent gate.
  3097 | Ossuary  | Found a huge runed translucent gate.
  3097 | Ossuary  | Found a huge runed translucent gate.
  3097 | Ossuary  | Found a huge runed translucent gate.
  3097 | Ossuary  | Found a huge runed translucent gate.
  3097 | Ossuary  | Found a huge runed translucent gate.
  3097 | Ossuary  | Found a huge runed translucent gate.
  3097 | Ossuary  | Found a huge runed translucent gate.
  3097 | Ossuary  | Found a huge runed translucent gate.
  3097 | Ossuary  | Found a huge runed translucent gate.
  3097 | Ossuary  | Found a huge runed translucent gate.
  3292 | Ossuary  | Found a huge runed translucent gate.
  3292 | Ossuary  | Found a huge runed translucent gate.
  3292 | Ossuary  | Found a huge runed translucent gate.
  3292 | Ossuary  | Found a huge runed translucent gate.
  3292 | Ossuary  | Found a huge runed translucent gate.
  3304 | Ossuary  | 3304 ||| READING scroll of identify.
  3304 | Ossuary  | 3304 ||| IDENTIFYING metallic dark potion
  3328 | Ossuary  | HP: 4/43 [mummy (14)]
  3329 | Ossuary  | 3329 ||| READING scroll of teleportation.
  3644 | D:4      | 3644 ||| PLANNING D:1-11
  3848 | D:5      | Entered Level 5 of the Dungeon
  3861 | D:5      | Reached skill level 8 in Ranged Weapons
  3925 | D:5      | 3925 ||| FLEEEEING.
  3930 | D:5      | 3930 ||| STAIRDANCE
  3995 | D:4      | 3995 ||| UPGRADING to +0 helmet.
  4000 | D:4      | 4000 ||| UPGRADING to +1 leather armour of willpower.
  4010 | D:4      | 4010 ||| DROPPING +0 ring mail.
  4011 | D:4      | 4011 ||| READING scroll of identify.
  4011 | D:4      | 4011 ||| IDENTIFYING fizzy coppery potion
  4012 | D:4      | 4012 ||| READING scroll labelled POMOAC VYNKU.
  4013 | D:4      | 4013 ||| DROPPING potion of ambrosia.
  4054 | D:5      | Reached XP level 8. HP: 25/49 MP: 8/8
  4054 | D:5      | 4054 ||| FLEEEEING.
  4060 | D:5      | 4060 ||| STAIRDANCE
  4376 | D:5      | 4376 ||| FLEEEEING.
  4377 | D:5      | 4377 ||| FLEEEEING.
  4378 | D:5      | 4378 ||| FLEEEEING.
  4379 | D:5      | 4379 ||| FLEEEEING.
  4380 | D:5      | 4380 ||| FLEEEEING.
  4381 | D:5      | 4381 ||| FLEEEEING.
  4382 | D:5      | 4382 ||| FLEEEEING.
  4383 | D:5      | 4383 ||| FLEEEEING.
  4384 | D:5      | 4384 ||| FLEEEEING.
  4385 | D:5      | 4385 ||| FLEEEEING.
  4386 | D:5      | 4386 ||| STAIRDANCE
  4403 | D:4      | 4403 ||| READING scroll of identify.
  4403 | D:4      | 4403 ||| IDENTIFYING purple potion
  4404 | D:4      | 4404 ||| READING scroll labelled RAUKORCHOYP.
  4404 | D:4      | 4404 ||| ENCHANTING +0 helmet.
  4405 | D:4      | 4405 ||| DROPPING potion of lignification.
  4416 | D:5      | Noticed Pikel
  4417 | D:5      | 4417 ||| STAIRDANCE
  4440 | D:5      | 4440 ||| ZAPPING wand of paralysis (18) at 1,5 (Pikel;
                  | floor).
  4452 | D:5      | 4452 ||| RETREEEEATING.
  4453 | D:5      | 4453 ||| RETREEEEATING.
  4454 | D:5      | 4454 ||| ZAPPING wand of paralysis (17) at 1,4 (Pikel;
                  | floor).
  4463 | D:5      | 4463 ||| ZAPPING wand of paralysis (16) at 0,1 (Pikel;
                  | floor).
  4474 | D:5      | Killed Pikel
  4475 | D:5      | Reached skill level 10 in Ranged Weapons
  4739 | D:6      | Reached skill level 6 in Fighting
  4739 | D:6      | Reached XP level 9. HP: 53/55 MP: 9/9
  4806 | D:6      | Noticed Edmund
  4860 | D:6      | HP: 3/55 [Edmund/+2 flail of draining (11)]
  4863 | D:6      | Slain by Edmund

Levels and vault maps discovered:
D:1:      eino_arrival_cavern_e, layout_basic, nicolae_hexahallways,
          chequers_serial_rivers_large_b
D:2:      layout_basic, chequers_ecumenical_altar_simple_redux,
          minmay_misc_feat_pillars, serial_bayou_pond_e
D:3:      layout_loops_ring, serial_shops, shop, nicolae_shop_trees,
          shop_statue, nicolae_shop_rolled_up, uniq_terence
D:4:      layout_basic, gup_ossuary_entry_pyramid, kennysheep_generic_room_5
D:5:      layout_basic, uniq_pikel
D:6:      layout_loops_ring, nicolae_ru_sacrificial_ziggurat,
          minmay_temple_entry_wispy, minmay_quadrilaterals, uniq_edmund

Skill      XL: |  1  2  3  4  5  6  7  8 |
---------------+-------------------------+-----
Ranged Weapons | 5 6 7 8 10 | 10.1
Fighting       | 3 4 5 6 |  6.0
Armour         | 1 2 |  2.6
Dodging        | 2 |  2.3
Stealth        | |  1.1

Action                     |  1- 3 |  4- 6 |  7- 9 || total
---------------------------+-------+-------+-------++-------
   Fire: Shortbow          |    88 |   182 |   402 ||   672
  Evoke: Wand              |       |       |     3 ||     3
    Use: Scroll            |     2 |     8 |     7 ||    17
         Potion            |       |     3 |     1 ||     4
 Armour: Leather armour    |    38 |    62 |    98 ||   198
         Ring mail         |       |    10 |   103 ||   113
  Dodge: Dodged            |    48 |    51 |   159 ||   258

Table legend:
 A = Non-vault XP
 B = Vault XP
 C = Vault XP percentage of total XP
 D = Non-vault monster count
 E = Vault monster count
 F = Vault count percentage of total count
                 A         B        C        D         E       F
            +---------+---------+-------+---------+---------+-------
      Total |    1450 |     971 |  40.1 |      97 |      13 |  11.8
            +---------+---------+-------+---------+---------+-------
        D:1 |      34 |       0 |   0.0 |      22 |       0 |   0.0
        D:2 |     157 |       0 |   0.0 |      28 |       0 |   0.0
        D:3 |     158 |      36 |  18.6 |      18 |       1 |   5.3
        D:4 |     227 |      31 |  12.0 |      11 |       2 |  15.4
        D:5 |     667 |     607 |  47.6 |      15 |       1 |   6.2
        D:6 |     207 |       0 |   0.0 |       3 |       0 |   0.0
    Ossuary |       0 |     297 | 100.0 |       0 |       9 | 100.0
            +---------+---------+-------+---------+---------+-------
